AoeStats
← 阿巴阿巴

Black Forest

506399807Analyzed
4v4 RM · 18d ago on Sep 13, 2026· 67m 23s· 8 players
Game mode
Random Map
Map size
Large (8 player)
Population
200
Speed
Normal
Resources
Standard
Victory
Conquest
Starting age
Dark Age
Ending age
Imperial Age
RankedLock teamsTeams togetherTeam positionsShared explorationLock speedFull tech treeHidden civsTurbo modeCheats
Victory
Defeat
🇫🇷 Persians · France
1190
+11
🇮🇹 Britons · Italy
1188
+11
🇩🇪 Khmer · Germany
1143
+13
🇨🇱 Teutons · Chile
1116
+15
🇨🇳 Ethiopians · China
1140
-14
🇨🇳 Khmer · China
1107
-14
🇨🇳 Hindustanis · China
1049
-11
🇨🇳 Bohemians · China
1042
-11
frexnir
0:48 Loom
13:00 Feudal Age
14:21 Double-Bit Axe
18:35 Castle Age
18:04 Bloodlines
18:00 Scale Barding Armor
18:51 Forging
20:41 Iron Casting
23:53 Chain Barding Armor
29:14 Bow Saw
29:13 Gold Mining
31:29 Wheelbarrow
30:50 Stone Mining
32:04 Fishing Lines
33:07 Husbandry
33:49 Horse Collar
35:28 Heavy Plow
35:24 Gillnets
40:15 Imperial Age
39:15 Hand Cart
39:10 Devotion
39:57 Cavalier
41:13 Plate Barding Armor
42:18 Blast Furnace
42:07 Conscription
41:29 Savar
43:06 Gold Shaft Mining
44:12 Fletching
44:38 Capped Ram
46:29 Two-Man Saw
47:57 Heavy Camel Rider
48:08 Siege Ram
48:45 Bodkin Arrow
53:12 Coinage
63:25 Padded Archer Armor
62:47 Crossbowman
64:47 Kamandaran
65:53 Thumb Ring
66:58 Chemistry
66:18 Ballistics
锋
1:12 Loom
10:23 Feudal Age
11:10 Double-Bit Axe
16:31 Castle Age
15:59 Fishing Lines
17:44 Bow Saw
21:09 Gillnets
24:02 Wheelbarrow
24:31 Gold Mining
24:32 Stone Mining
27:19 Hand Cart
30:02 Gold Shaft Mining
29:16 Town Watch
32:44 Imperial Age
30:18 Fletching
30:29 Padded Archer Armor
31:10 Treadmill Crane
31:51 Ballistics
31:41 Masonry
31:30 Bodkin Arrow
32:50 Leather Archer Armor
33:17 Yeomen
33:11 Forging
33:48 Conscription
32:50 Elite Longbowman
32:56 Crossbowman
33:40 Arbalester
34:34 Town Patrol
35:32 Elite Longbowman
36:14 Warwolf
36:58 Caravan
38:45 Chemistry
38:16 Architecture
37:52 Siege Engineers
38:27 Bracer
38:58 Ring Archer Armor
39:32 Two-Man Saw
43:18 Iron Casting
42:49 Scale Barding Armor
42:59 Husbandry
42:59 Cavalier
60:20 Blast Furnace
59:40 Chain Barding Armor
65:56 Plate Barding Armor
67:03 Spies/Treason
rdy2run ツ
0:27 Loom
15:54 Feudal Age
17:06 Horse Collar
17:30 Double-Bit Axe
21:23 Castle Age
23:06 Heavy Plow
23:18 Bow Saw
24:13 Fervor
33:13 Imperial Age
33:57 Husbandry
34:07 Bloodlines
34:05 Scale Barding Armor
34:22 Conscription
34:09 Caravan
34:38 Siege Engineers
36:17 Crop Rotation
36:13 Ballistics
36:17 Chain Barding Armor
37:08 Chemistry
37:26 Double Crossbow
38:12 Plate Barding Armor
37:56 Elite Ballista Elephant
51:08 Onager
51:57 Fletching
52:46 Masonry
53:10 Bodkin Arrow
Sir bacardi
0:39 Loom
11:06 Feudal Age
15:08 Castle Age
13:33 Double-Bit Axe
14:20 Horse Collar
20:19 Bow Saw
21:04 Heavy Plow
22:20 Gold Mining
23:57 Wheelbarrow
24:24 Stone Mining
25:08 Hand Cart
30:07 Imperial Age
28:30 Scale Mail Armor
29:32 Fortified Wall
29:34 Masonry
30:10 Chain Mail Armor
29:50 Fletching
31:53 Chemistry
31:57 Two-Man Saw
30:26 Onager
31:51 Siege Onager
33:11 Siege Engineers
34:35 Ironclad
35:04 Bombard Tower
34:49 Caravan
39:18 Bodkin Arrow
39:45 Crenellations
41:34 Conscription
41:46 Cavalier
42:33 Scale Barding Armor
42:39 Forging
42:50 Bloodlines
42:57 Paladin
44:15 Chain Barding Armor
46:02 Iron Casting
46:30 Plate Barding Armor
360216051
4:53 Loom
10:57 Feudal Age
11:48 Double-Bit Axe
14:04 Horse Collar
16:42 Castle Age
15:13 Gold Mining
18:47 Wheelbarrow
18:37 Bow Saw
20:02 Heavy Plow
21:19 Scale Barding Armor
23:26 Hand Cart
23:35 Fishing Lines
26:34 Gold Shaft Mining
27:08 Bloodlines
27:01 Husbandry
27:18 Forging
27:45 Gillnets
29:39 Chain Barding Armor
31:38 Iron Casting
31:33 Stone Mining
33:17 Caravan
33:56 Grand Trunk Road
36:55 Imperial Age
35:11 Coinage
35:55 Town Watch
38:09 Stone Shaft Mining
38:38 Two-Man Saw
37:16 Heavy Camel Rider
39:20 Blast Furnace
39:07 Imperial Camel Rider
41:01 Chemistry
40:24 Ballistics
42:40 Plate Barding Armor
43:24 Conscription
45:10 Banking
44:56 Scale Mail Armor
46:12 Chain Mail Armor
46:23 Elite Ghulam
阿巴阿巴
1:07 Loom
12:24 Feudal Age
15:23 Double-Bit Axe
17:40 Castle Age
17:38 Horse Collar
18:40 Bow Saw
25:23 Forging
26:22 Pikeman
26:47 Arson
27:48 Heavy Plow
30:58 Iron Casting
30:23 Scale Mail Armor
31:10 Scale Barding Armor
31:51 Gold Mining
31:52 Stone Mining
32:28 Bow Saw
32:24 Arson
34:42 Chain Mail Armor
34:51 Chain Barding Armor
38:59 Imperial Age
39:19 Wheelbarrow
38:30 Town Watch
39:18 Ballistics
40:09 Gold Shaft Mining
41:10 Heavy Scorpion
42:27 Conscription
42:14 Double Crossbow
42:34 Conscription
43:19 Chemistry
44:05 Hand Cart
43:50 Town Patrol
随便玩玩
12:10 Feudal Age
16:04 Castle Age
14:24 Double-Bit Axe
14:21 Horse Collar
15:55 Wheelbarrow
16:58 Bow Saw
17:30 Heavy Plow
25:48 Hand Cart
31:48 Imperial Age
32:26 Chemistry
32:30 Ballistics
32:05 Fletching
32:52 Siege Engineers
32:47 Bodkin Arrow
32:53 Padded Archer Armor
32:17 Pikeman
32:58 Squires
32:43 Arson
34:47 Bow Saw
35:01 Bracer
35:14 Masonry
34:45 Treadmill Crane
35:22 Houfnice
37:53 Caravan
38:50 Scale Mail Armor
39:01 Forging
40:05 Onager
41:01 Halberdier
47:57 Iron Casting
47:37 Chain Mail Armor
49:26 Conscription
49:16 Wagenburg Tactics
48:31 Elite Hussite Wagon
ui949
1:02 Loom
13:29 Feudal Age
16:53 Fletching
17:00 Double-Bit Axe
19:45 Castle Age
17:41 Stone Mining
17:52 Horse Collar
18:00 Fishing Lines
21:04 Town Watch
21:45 Bow Saw
22:27 Wheelbarrow
22:11 Heavy Plow
24:48 Gold Mining
26:24 Gillnets
27:08 Heavy Plow
29:20 Hand Cart
33:00 Imperial Age
31:53 Town Patrol
32:36 Ballistics
32:55 Bodkin Arrow
33:43 Masonry
34:46 Chemistry
33:54 Torsion Engines
35:21 Conscription
35:26 Bracer
36:10 Heavy Scorpion
37:50 Forging
38:42 Siege Engineers
41:13 Two-Man Saw
40:52 Caravan
42:51 Murder Holes
45:27 Iron Casting
44:59 Scale Barding Armor
Connection lost

Rejoining the realm…

Still unreachable

The connection could not be restored.

Session expired

The server has moved on; the page needs a fresh start.